[Event "XII Cracow ICC-A 2024"]
[Site "Krakow"]
[Date "2024.06.23"]
[Round "2.13"]
[White "Rudzinska, Michalina"]
[Black "Kelires, Andreas"]
[Result "0-1"]
[ECO "B91"]
[WhiteElo "2290"]
[BlackElo "2515"]
[Annotator "TA"]
[PlyCount "78"]
[EventDate "2024.06.20"]
[EventType "swiss"]
[EventCountry "POL"]
[SourceTitle "playchess.com"]
[Source "ChessBase"]
[SourceQuality "1"]
[TimeControl "40/5400+30:1800+30"]

1. e4 c5 2. Nf3 d6 3. d4 cxd4 4. Nxd4 Nf6 5. Nc3 a6 6. g3 e5 7. Nde2 Be7 8. Bg2 h5 9. h3 Nbd7 10. a4 b6 {[%emt 0:00:30] White has an edge.} 11. Nd5 Nxd5 12. Qxd5 Rb8 13. Be3 h4 14. g4 O-O 15. O-O b5 16. axb5 Rxb5 17. Qa2 Bg5 18. Nc3 Rb8 19. Nd5 Bb7 20. Bxg5 Qxg5 21. Rfd1 Nc5 22. Qa3 Rfd8 23. b4 Ne6 24. Qe3 Bxd5 25. Qxg5 (25. exd5 $11 {remains equal.} Qxe3 26. fxe3) 25... Nxg5 $17 26. exd5 Rxb4 27. Rxa6 g6 28. Rc6 Rb2 ({Black should play} 28... e4 $17 29. c4 Rb3) 29. Ra1 e4 30. Raa6 (30. Rc4 $142) 30... Kg7 31. Kf1 $2 (31. Rxd6 $17 Rxd6 32. Rxd6) 31... f5 $2 (31... Rb1+ $1 32. Ke2 Rdb8) 32. gxf5 $19 gxf5 {[%emt 0:00:02] Threatens to win with ...f4.} 33. Ke2 f4 {[%emt 0:02:29] aiming for ...f3+.} 34. f3 {[%emt 0:03:34] [#]} exf3+ 35. Bxf3 Re8+ ({Don't take} 35... Nxh3 36. Rxd6 Rxc2+ 37. Kd3 Rxd6 38. Rxd6 $11) 36. Kf2 {[%emt 0:00:04] [#]} Re3 $1 {[%emt 0:00:03] Black has more active pieces.} ({Reject} 36... Nxh3+ $6 37. Kf1 $11) 37. Bg4 (37. Bg2 $17) 37... Ne4+ {[%emt 0:00:16] Black is clearly winning.} ({And not} 37... Nxh3+ 38. Bxh3 Rxh3 39. Rc7+ Kf6 40. Rxd6+ Ke5 41. Rdc6 $11) 38. Kg2 Rg3+ 39. Kh2 f3 {[%emt 0:00:25] Weighted Error Value: White=0.37/Black=0.14 (very precise) .  Loses game:     	White=2     	---        Mistake:       	White=2     	Black=2      Inaccurate:     	White=4     	---        OK:         	White=10    	Black=10     Best:        	White=4     	Black=4      Strong:       	---       	Black=1} 0-1

[Event "XII Cracow ICC-A 2024"]
[Site "Krakow"]
[Date "2024.06.23"]
[Round "2.14"]
[White "Vetoshko, Volodymyr"]
[Black "Srinath, Rao S.V."]
[Result "1-0"]
[ECO "E73"]
[WhiteElo "2505"]
[BlackElo "2278"]
[Annotator "TA"]
[PlyCount "53"]
[EventDate "2024.06.20"]
[EventType "swiss"]
[EventCountry "POL"]
[SourceTitle "playchess.com"]
[Source "ChessBase"]
[SourceQuality "1"]
[TimeControl "40/5400+30:1800+30"]

1. d4 Nf6 2. c4 g6 3. Nc3 Bg7 4. e4 d6 5. Be2 O-O 6. Be3 Nc6 7. d5 Ne5 8. f4 Neg4 9. Bd2 Nh6 $1 {[%emt 0:00:04] White is slightly better.} 10. Nf3 c6 11. a4 e6 12. dxe6 fxe6 13. O-O e5 14. c5 exf4 15. Qb3+ d5 16. Rad1 Qe7 $1 17. exd5 {[%emt 0:01:06] [#] d6+ is the strong threat.} Qxc5+ 18. Kh1 cxd5 19. Nxd5 Nxd5 $17 (19... Qxd5 $2 {is the wrong capture.} 20. Bc4 Be6 21. Bxd5 Bxd5 22. Qa3 $18 (22. Qd3 Rac8 $18)) 20. Bc4 {[%emt 0:00:45][%cal Od2b4] And now Bb4! would win.} Be6 21. Ng5 {[%emt 0:00:29] [#]} Rfc8 $2 (21... Ne3 $1 $17 22. Bxe6+ Kh8) 22. Rc1 $36 {[%emt 0:01:46][%cal Bd1c1,Bc1c4,Bc4f4][%mdl 2080] White has the initiative.} Qd6 {[%emt 0:02:00][%mdl 8192] Black cannot hold the game after this.} ({Black should play} 22... Qe7 $14 23. Bxd5 Bxd5 24. Qxd5+ Kh8) 23. Nxe6 $1 $18 {[%emt 0:08:19] White is clearly winning.} (23. Qxb7 $2 {loses.} Rcb8 $19) 23... Rxc4 24. Qxb7 Qxe6 25. Qxa8+ ({Inferior is} 25. Rxc4 Re8 26. Rc5 Rd8 $17) 25... Bf8 26. Rxc4 Nb6 {[%emt 0:03:11] Prevents Rc8.} 27. Rcxf4 {[%emt 0:00:40] Weighted Error Value: White=0.13 (very precise) /Black=0.51.  Loses game:     	---       	Black=1      Mistake:       	White=1     	Black=1      Inaccurate:     	White=2     	Black=1      OK:         	White=7     	Black=8      Best:        	White=3     	Black=1      Strong:       	White=1     	Black=2} 1-0

[Event "XII Cracow ICC-A 2024"]
[Site "Krakow"]
[Date "2024.06.23"]
[Round "2.15"]
[White "Lohia, Sohum"]
[Black "Chatalbashev, Boris"]
[Result "1-0"]
[ECO "B06"]
[WhiteElo "2270"]
[BlackElo "2483"]
[Annotator "TA"]
[PlyCount "91"]
[EventDate "2024.06.20"]
[EventType "swiss"]
[EventCountry "POL"]
[SourceTitle "playchess.com"]
[Source "ChessBase"]
[SourceQuality "1"]
[TimeControl "40/5400+30:1800+30"]

1. e4 g6 2. d4 Bg7 3. Nc3 d6 4. Be3 c6 5. f4 Qb6 6. a3 Nf6 7. Nf3 O-O 8. h3 {White is slightly better.} e5 (8... Qxb2 $2 9. Na4 $18) 9. fxe5 (9. dxe5 $2 Qxe3+ 10. Qe2 Qxe2+ (10... Qxf4 $2 11. exf6 Bxf6 12. Qf2 $19) 11. Bxe2 Nh5 12. exd6 Nxf4 $19 (12... Bxc3+ $2 13. bxc3 Ng3 14. Rf1 $19)) 9... dxe5 10. Nxe5 Nxe4 11. Nxe4 {[%cal Bc3e4,Be4d6,Bd6c4,Bc4e5,Be5d3,Bd3f4,Bf4e6][%mdl 32] Threatens to win with Nc5.} Bxe5 12. Bc4 Bf5 13. Qd2 $1 Bg7 14. Nd6 {0-0 is the strong threat.} Be6 15. O-O ({Better is} 15. Bxe6 $16 fxe6 16. O-O-O) 15... Bxc4 $11 16. Nxc4 Qd8 17. Rad1 Qd5 {[#]} 18. Ne5 f6 (18... Nd7 19. c4) 19. Nd3 Nd7 20. Nf4 $36 {[%mdl 2048] Black is under pressure.} Qf7 21. d5 cxd5 $1 22. Qxd5 Ne5 (22... Qxd5 $11 23. Rxd5 (23. Nxd5 Rf7 $14) 23... Rf7) 23. Ne6 $16 Rfe8 24. Nc7 {White has more active pieces.} Qxd5 25. Rxd5 Red8 26. Rxe5 $1 fxe5 27. Nxa8 Rxa8 {[%mdl 4096] Endgame. [#] KRB-KRB} 28. Rd1 $1 b5 29. Rd7 a6 30. Kf2 Rf8+ 31. Ke2 Rf7 32. Rd8+ Rf8 33. Rd7 Rf7 $1 34. Rd8+ Rf8 35. Rxf8+ Kxf8 {KB-KB} 36. b3 Ke7 37. Kd3 Kd6 38. c4 bxc4+ $2 {[%mdl 8192] Black cannot hold the game after this.} (38... e4+ $16 39. Kxe4 bxc4) 39. Kxc4 $18 {a4 would now be deadly.} ({Inferior is} 39. bxc4 Bf8 $11) 39... e4 $2 (39... a5 {was necessary.} 40. Bd2 a4 41. bxa4 Kc6) 40. b4 Be5 41. a4 Kc6 $2 (41... Bg3 42. Kd4 (42. b5 axb5+ 43. Kxb5 Kc7 $18) 42... Kc6) 42. Bc5 {White is clearly winning.} Bf4 {[#]} 43. b5+ $1 axb5+ 44. axb5+ Kb7 45. Kd4 e3 {White must now prevent ...e2.} 46. Ke4 $4 {[%mdl 40960] Weighted Error Value: White=0.10 (very precise) /Black=0.32.  Loses game:     	---       	Black=1      Mistake:       	White=1     	Black=3      Inaccurate:     	White=1     	Black=3      OK:         	White=14    	Black=12     Best:        	White=5     	Black=6      Strong:       	White=3     	Black=2     . Sensor Board Error (Ke4/e5)?} (46. Kd3 $18 {was the only winning move.}) 1-0

[Event "XII Cracow ICC-A 2024"]
[Site "Krakow"]
[Date "2024.06.23"]
[Round "2.16"]
[White "Kosakowski, Jakub"]
[Black "Devnani Kush"]
[Result "1-0"]
[ECO "B92"]
[WhiteElo "2480"]
[BlackElo "2250"]
[Annotator "TA"]
[PlyCount "69"]
[EventDate "2024.06.20"]
[EventType "swiss"]
[EventCountry "POL"]
[SourceTitle "playchess.com"]
[Source "ChessBase"]
[SourceQuality "1"]
[TimeControl "40/5400+30:1800+30"]

1. e4 c5 2. Nf3 d6 3. d4 cxd4 4. Nxd4 Nf6 5. Nc3 a6 6. Be2 e5 7. Nb3 Be7 8. O-O O-O 9. Re1 Be6 10. Be3 Nbd7 11. a4 Nb6 {[%emt 0:19:21] The position is equal.} 12. a5 Nc4 13. Bxc4 Bxc4 14. Nd2 Be6 15. Na4 Nd7 16. c4 Bg5 17. Bxg5 Qxg5 18. b3 Bh3 19. g3 f5 20. exf5 $1 Qxf5 21. f3 Nc5 (21... h6 $11) 22. Nxc5 $14 dxc5 23. Qe2 Rad8 24. Ne4 Qc8 (24... Qxf3 25. Qxf3 Rxf3 26. Ng5 (26. Nxc5 $2 Rd2 $19) 26... Rxb3 27. Nxh3 $18) (24... Qh5 $1 $14) 25. Nf2 ({Better is} 25. Rad1 $16) 25... Bd7 $11 26. Qxe5 {[%emt 0:04:20] aiming for Qd5+.} Rxf3 27. Qd5+ Rf7 28. Re7 Be8 {[%emt 0:00:29] [#]} (28... Rdf8 $1 $11) 29. Rae1 $1 $16 {[%emt 0:00:09][%cal Od5d8] Black must now prevent Qxd8!} Kf8 (29... Rxd5 $2 30. Rxe8+ Rf8 (30... Qxe8 $2 31. Rxe8+ Rf8 32. Rxf8+ Kxf8 33. cxd5 $18) 31. Rxc8 Rxc8 32. cxd5 $18) 30. Qe5 {[%emt 0:03:49][%cal Of2d3] White has more active pieces.} h6 31. Nd3 $40 {[%emt 0:03:44][%cal Bf2d3,Bd3f4,Bf4g6,Bg6e7,Be7c6][%mdl 160] White goes for the king.} Bc6 $2 {[%emt 0:01:48][%mdl 8192] [#] A mistake that costs the game.} (31... Rxe7 $16 32. Qxe7+ Kg8) 32. Nf4 $1 $18 {[%emt 0:01:31] Intending Rxf7+ and mate.} ({Less strong is} 32. Nxc5 Rxe7 33. Qxe7+ Kg8 34. Qe6+ Qxe6 35. Rxe6 Rd2 $16) 32... Rxe7 {[%emt 0:00:59] [#]} 33. Ng6+ $1 (33. Qxe7+ Kg8 34. Qxc5 Rd2 $16) 33... Kf7 34. Nxe7 Qg4 35. Nxc6 {[%emt 0:00:38] Weighted Error Value: White=0.13 (very precise) /Black=0.36.  Loses game:     	---       	Black=1      Mistake:       	White=1     	Black=3      Inaccurate:     	White=2     	Black=1      OK:         	White=12    	Black=8      Best:        	White=1     	Black=4      Strong:       	White=3     	---} ({Not} 35. Qxc5 Bf3 $16 (35... Rd3 $2 36. Nxc6 bxc6 37. Qxc6 $18)) 1-0

[Event "XII Cracow ICC-A 2024"]
[Site "Krakow"]
[Date "2024.06.23"]
[Round "2.17"]
[White "Oksendal, Martin"]
[Black "Fus, Jakub"]
[Result "0-1"]
[ECO "C95"]
[WhiteElo "2264"]
[BlackElo "2455"]
[Annotator "RC"]
[PlyCount "117"]
[EventDate "2024.06.20"]
[EventType "swiss"]
[EventCountry "POL"]
[SourceTitle "playchess.com"]
[Source "ChessBase"]
[SourceQuality "1"]
[TimeControl "40/5400+30:1800+30"]

1. e4 e5 2. Nf3 Nc6 3. Bb5 a6 4. Ba4 Nf6 5. O-O Be7 6. Re1 b5 7. Bb3 d6 8. c3 O-O 9. h3 Nb8 10. d4 Nbd7 11. Nbd2 Bb7 12. Bc2 Re8 13. Nf1 Bf8 14. Ng3 g6 15. a4 c5 16. d5 c4 17. Bg5 h6 18. Be3 Nc5 19. Qd2 h5 20. Bh6 Nh7 21. Bxf8 Rxf8 22. Qh6 Qf6 23. h4 Rfb8 24. Rf1 Bc8 25. Ng5 Qg7 26. Qxg7+ Kxg7 27. Nxh7 Kxh7 28. f4 Kg7 29. Rf2 b4 30. Raf1 Ra7 31. f5 b3 32. Bd1 Nd3 33. Rd2 Rc7 34. Rf3 Bd7 35. Be2 Nf4 36. Bf1 Bxa4 37. Ne2 Nd3 38. Ng3 Ne1 39. Rff2 Be8 40. Be2 a5 41. Rf1 Nc2 42. f6+ Kh6 43. Bxh5 Ne3 44. Re1 gxh5 45. Rxe3 Bd7 46. Rd1 a4 47. Ra1 Ra7 48. Nf1 Bg4 49. Rg3 a3 50. Nd2 Be2 51. Rg7 Rba8 52. Rxa3 Rxa3 53. bxa3 Ra7 54. Rg8 Rb7 55. Rd8 Rb6 56. Kf2 Bd3 57. Nf3 b2 58. Nxe5 dxe5 59. Ke3 0-1

[Event "XII Cracow ICC-A 2024"]
[Site "Krakow"]
[Date "2024.06.23"]
[Round "2.18"]
[White "Mirzoev, Azer"]
[Black "Stanojevic, Ilija"]
[Result "1-0"]
[ECO "D35"]
[WhiteElo "2448"]
[BlackElo "2260"]
[Annotator "TA"]
[PlyCount "111"]
[EventDate "2024.06.20"]
[EventType "swiss"]
[EventCountry "POL"]
[SourceTitle "playchess.com"]
[Source "ChessBase"]
[SourceQuality "1"]
[TimeControl "40/5400+30:1800+30"]

1. d4 Nf6 2. c4 e6 3. Nc3 d5 4. cxd5 exd5 5. Bg5 c6 6. e3 Be7 7. Qc2 Nbd7 8. Bd3 O-O 9. Nge2 Re8 10. O-O g6 11. f3 {[%emt 0:00:45] D36: Queen's Gambit Declined: Exchange Variation: Main line (5 Bg5 c6 6 Qc2).} b5 12. Bh4 Bb7 $146 ({Predecessor:} 12... Nb6 13. b3 Nh5 14. Bf2 Bf6 15. e4 dxe4 16. fxe4 Bg4 17. h3 Bxe2 18. Nxe2 Qd7 {1-0 Savina,A (2339)-Gueci,T (2228) C'Chartres Blitz (Women) 2020 (13)}) 13. Bf2 Rc8 (13... a6 $15) 14. Rad1 b4 15. Na4 c5 16. Nxc5 Nxc5 17. dxc5 Bxc5 18. Qd2 Qb6 19. Nd4 Ba6 20. Rfe1 Bxd3 21. Qxd3 Bxd4 22. Qxd4 Rc2 23. Qxb6 axb6 24. Rb1 Rec8 25. Kf1 Rd2 (25... Nd7 $11) 26. Red1 $1 $14 Rxd1+ $1 27. Rxd1 {[%emt 0:00:05][%mdl 4096] Endgame. KRB-KRN} Rc2 {[%emt 0:00:03] [#]} 28. Bg3 $1 Nh5 (28... Rxb2 $2 29. Be5 $18) 29. Be5 {[%emt 0:01:24] Inhibits Nxg3+.} f6 30. Bd4 Kf7 31. Rd3 Ng7 (31... b5 $1 $14) 32. Rb3 $1 $16 (32. Bxb6 Rxb2 33. Rxd5 Rxa2 34. Rd7+ Kg8 $16) 32... Rc1+ 33. Ke2 Nf5 (33... Ne6 $16 {might work better.}) 34. Rxb4 ({White should play} 34. Bxb6 $18 Rc4 (34... Rc2+ 35. Kd3 $11) 35. Ba5) 34... Rc2+ 35. Kd3 Rxg2 (35... Nxd4 $16 {is a better defense.} 36. Kxd4 (36. Rxb6 Rxg2 37. Rb7+ Ke6 $16) 36... Rxg2 (36... Rd2+ $2 37. Kc3 $19)) 36. Rxb6 (36. Bxb6 $18 {And now a4 would win.} Rxh2 37. a4) 36... Nxd4 37. exd4 (37. Kxd4 $16 {Strongly threatening a4.} Rxh2 38. Kxd5 Rd2+ 39. Ke4) 37... Rxh2 {[%emt 0:00:18] KR-KR} 38. a4 {[%emt 0:00:04] aiming for a5.} h5 (38... Rh1 $1 $11) 39. a5 Rh1 {[%emt 0:00:31] [#]} 40. a6 ({Better is} 40. Rb3 $1 $16 {Hoping for a6.} h4 41. a6) 40... Ra1 $1 $11 41. b4 h4 $2 (41... g5 $11) 42. Rb7+ $18 Ke6 43. b5 h3 44. Rh7 Ra3+ 45. Kc2 Kd6 46. Rxh3 Kc7 47. Rh7+ Kb8 48. Rf7 (48. Kb2 $142 Ra5 49. Rb7+ Ka8 50. Kb3) 48... Ra5 49. Rxf6 (49. Rb7+ $142 Ka8 50. Kb3) 49... Rxb5 50. Rxg6 Kc7 51. Kd3 (51. Rg8 $142 Ra5 52. a7 Rxa7 53. Rg7+ Kb8 54. Rxa7 Kxa7 55. Kd2 Kb7 56. Ke3) 51... Rb3+ 52. Ke2 Ra3 53. Rf6 Kd7 54. f4 Ra4 {[%emt 0:00:29] [#]} 55. a7 $1 Kc7 56. Rf8 1-0

[Event "XII Cracow ICC-A 2024"]
[Site "Krakow"]
[Date "2024.06.23"]
[Round "2.19"]
[White "Nguyen, Piotr"]
[Black "Gierulski, Kamil"]
[Result "0-1"]
[ECO "A34"]
[WhiteElo "2426"]
[BlackElo "2242"]
[Annotator "RC"]
[PlyCount "102"]
[EventDate "2024.06.20"]
[EventType "swiss"]
[EventCountry "POL"]
[SourceTitle "playchess.com"]
[Source "ChessBase"]
[SourceQuality "1"]
[TimeControl "40/5400+30:1800+30"]

1. c4 c5 2. g3 Nf6 3. Bg2 d5 4. cxd5 Nxd5 5. Nc3 Nc7 6. Nf3 Nc6 7. a3 g6 8. Ng5 Bg7 9. Bxc6+ bxc6 10. Qa4 O-O 11. Qxc6 Rb8 12. Qxc5 h6 13. Nf3 Bh3 14. Rg1 Bg4 15. Qe3 Ne6 16. b4 a5 17. Rb1 Qc7 18. b5 Bf5 19. Rb2 h5 20. b6 Qb7 21. Ne5 Rfd8 22. f4 Nd4 23. Kf2 Rbc8 24. h3 f6 25. Nf3 e5 26. Na4 exf4 27. gxf4 Rc4 28. Nc3 Nc2 29. Rxc2 Bxc2 30. Bb2 Qc6 31. Rc1 Re8 32. Nd4 Qd7 33. Rxc2 Rxe3 34. dxe3 f5 35. Rd2 Bxd4 36. exd4 Rxd4 37. b7 Qxb7 38. Rxd4 Qxb2 39. Rc4 Qxa3 40. Ke3 Qc1+ 41. Kd3 Qf1 42. h4 Qf2 43. Nd5 Qxh4 44. Rc7 Kf8 45. Kd4 Qd8 46. Ke5 h4 47. Rh7 Kg8 48. Rb7 Qe8+ 49. Kd6 Qf8+ 50. Ke6 Qc8+ 51. Rd7 Qxd7+ 0-1

[Event "XII Cracow ICC-A 2024"]
[Site "Krakow"]
[Date "2024.06.23"]
[Round "2.20"]
[White "Aarav Dengla"]
[Black "Pycinski, Wladyslaw"]
[Result "1-0"]
[ECO "C50"]
[WhiteElo "2395"]
[BlackElo "2244"]
[Annotator "RC"]
[PlyCount "89"]
[EventDate "2024.06.20"]
[EventType "swiss"]
[EventCountry "POL"]
[SourceTitle "playchess.com"]
[Source "ChessBase"]
[SourceQuality "1"]
[TimeControl "40/5400+30:1800+30"]

1. e4 e5 2. Nf3 Nc6 3. Bc4 Nf6 4. d3 Bc5 5. Bg5 d6 6. c3 h6 7. Bh4 a5 8. a4 Ba7 9. Na3 g5 10. Bg3 Be6 11. Bb5 O-O 12. O-O Ne7 13. Re1 Nh7 14. d4 f6 15. Bc4 Bxc4 16. Nxc4 Qc8 17. Qb3 Kh8 18. Rad1 Ng6 19. Ne3 Ne7 20. Nc4 Ng6 21. Ne3 Ne7 22. Nd5 Nc6 23. Qc4 Kg7 24. Ne3 Ne7 25. Nd5 Nc6 26. Re2 Rf7 27. Ne3 Ne7 28. Red2 Nf8 29. h4 g4 30. Nh2 h5 31. Qe2 Nfg6 32. f3 f5 33. exf5 gxf3 34. Qxf3 Nxf5 35. Rf1 Nh6 36. Qxh5 Rxf1+ 37. Nhxf1 Qe6 38. Qg5 Kh7 39. Rf2 exd4 40. Rf6 Qe8 41. Bf4 Ng8 42. Nf5 dxc3+ 43. Kh1 Nxf6 44. Qh6+ Kg8 45. Qg7# 1-0

[Event "XII Cracow ICC-A 2024"]
[Site "Krakow"]
[Date "2024.06.23"]
[Round "2.21"]
[White "Marszalek, Maciej"]
[Black "Alexiadis, Hristos"]
[Result "1/2-1/2"]
[ECO "A16"]
[WhiteElo "2255"]
[BlackElo "2378"]
[Annotator "ChessBase"]
[PlyCount "54"]
[EventDate "2024.06.20"]
[EventType "swiss"]
[EventCountry "POL"]
[SourceTitle "playchess.com"]
[Source "ChessBase"]
[SourceQuality "1"]
[TimeControl "40/5400+30:1800+30"]

1. c4 Nf6 2. Nc3 g6 3. g3 Bg7 4. Bg2 O-O 5. e4 c5 6. Nge2 Nc6 7. d3 Rb8 8. O-O a6 9. a4 d6 10. h3 Ne8 11. Be3 Nc7 12. d4 cxd4 13. Nxd4 Ne6 14. Nde2 Bd7 15. Rb1 Na5 16. b3 b5 17. cxb5 axb5 18. Qd3 bxa4 19. bxa4 Nb3 20. Nd5 Bxa4 21. Qc4 Nec5 22. Nec3 Bd7 23. Bxc5 Nxc5 24. Rxb8 Qxb8 25. Nxe7+ Kh8 26. Ned5 Qd8 27. Ra1 Be6 1/2-1/2

[Event "XII Cracow ICC-A 2024"]
[Site "Krakow"]
[Date "2024.06.23"]
[Round "2.22"]
[White "Hollan, Martin"]
[Black "Gorkiewicz, Mateusz"]
[Result "1-0"]
[ECO "C44"]
[WhiteElo "2373"]
[BlackElo "2223"]
[Annotator "ChessBase"]
[PlyCount "57"]
[EventDate "2024.06.20"]
[EventType "swiss"]
[EventCountry "POL"]
[SourceTitle "playchess.com"]
[Source "ChessBase"]
[SourceQuality "1"]
[TimeControl "40/5400+30:1800+30"]

1. e4 e5 2. Nf3 Nc6 3. Bc4 Nf6 4. d4 exd4 5. e5 d5 6. Bb5 Nd7 7. O-O Be7 8. Bxc6 bxc6 9. Nxd4 Nb8 10. Nc3 O-O 11. Qf3 a5 12. Re1 Ra6 13. Nf5 Bxf5 14. Qxf5 f6 15. e6 d4 16. Ne2 c5 17. Ng3 g6 18. Qd3 Rb6 19. Bh6 Re8 20. h4 Nc6 21. h5 Nb4 22. Qd1 Qd5 23. a3 Na6 24. hxg6 hxg6 25. Qg4 Kh7 26. Bd2 Rh8 27. c4 Qxc4 28. Nf5 gxf5 29. Qh5+ 1-0

[Event "XII Cracow ICC-A 2024"]
[Site "Krakow"]
[Date "2024.06.23"]
[Round "2.23"]
[White "Klepek, Witold"]
[Black "Lewtak, Damian"]
[Result "1/2-1/2"]
[ECO "A15"]
[WhiteElo "2236"]
[BlackElo "2370"]
[Annotator "ChessBase"]
[PlyCount "45"]
[EventDate "2024.06.20"]
[EventType "swiss"]
[EventCountry "POL"]
[SourceTitle "playchess.com"]
[Source "ChessBase"]
[SourceQuality "1"]
[TimeControl "40/5400+30:1800+30"]

1. c4 Nf6 2. Nf3 e6 3. g3 b6 4. Bg2 Bb7 5. O-O Be7 6. Nc3 O-O 7. Qc2 d5 8. Ne5 Nbd7 9. Nxd7 Qxd7 10. d3 c5 11. e4 d4 12. Nd1 Ne8 13. f4 Nd6 14. Nf2 f5 15. Qe2 Bc6 16. Re1 Qb7 17. Bd2 a5 18. a4 Rae8 19. Qf1 Qd7 20. e5 Nf7 21. Bxc6 Qxc6 22. Qg2 Qc7 23. h4 1/2-1/2

[Event "XII Cracow ICC-A 2024"]
[Site "Krakow"]
[Date "2024.06.23"]
[Round "2.24"]
[White "Mahitosh Dey"]
[Black "Cieslak, Patryk"]
[Result "1-0"]
[ECO "B92"]
[WhiteElo "2232"]
[BlackElo "2358"]
[Annotator "ChessBase"]
[PlyCount "121"]
[EventDate "2024.06.20"]
[EventType "swiss"]
[EventCountry "POL"]
[SourceTitle "playchess.com"]
[Source "ChessBase"]
[SourceQuality "1"]
[TimeControl "40/5400+30:1800+30"]

1. e4 c5 2. Nf3 d6 3. d4 cxd4 4. Nxd4 Nf6 5. Nc3 a6 6. Be2 e5 7. Nb3 Be7 8. Be3 Be6 9. Qd3 O-O 10. Nd5 Nbd7 11. O-O-O Bxd5 12. exd5 b5 13. g4 Rc8 14. g5 Ne8 15. h4 Nb6 16. Kb1 Nc4 17. Bc1 Qb6 18. h5 a5 19. Bg4 Rc7 20. g6 Nf6 21. gxf7+ Kxf7 22. Be6+ Ke8 23. Rhg1 a4 24. Nd2 a3 25. Nxc4 bxc4 26. Qxa3 Ra7 27. Be3 Rxa3 28. Bxb6 Ra6 29. Be3 Nxh5 30. Rg4 Nf4 31. Rxg7 h5 32. Bc8 Ra5 33. Bb7 Rf7 34. Bc6+ Kf8 35. Rxf7+ Kxf7 36. b4 cxb3 37. cxb3 Bd8 38. a4 Ng2 39. Bd2 Ra7 40. Rg1 Nf4 41. Be3 Ra6 42. Kc2 Ne2 43. Re1 Nd4+ 44. Bxd4 exd4 45. Be8+ Kg7 46. Bxh5 Ra5 47. Be2 Rxd5 48. b4 Rf5 49. f3 Re5 50. Rg1+ Kf8 51. Bd3 Re3 52. Rf1 Re7 53. a5 Rc7+ 54. Kd2 Rb7 55. a6 Rc7 56. Rh1 Bg5+ 57. Ke2 Re7+ 58. Kd1 Bf6 59. b5 Rc7 60. b6 Rc3 61. Ke2 1-0